 Dungeon Crawl Stone Soup version 0.28.0-53-g5a82cb258f (webtiles) character file.

Game seed: 17496599940142759613

172 safid the Digger (level 5, 0/31 HPs)
             Began as a Gargoyle Earth Elementalist on Aug 23, 2022.
             Killed by nerve-wracking pain
             ... invoked by an orc priest
              (5 damage)
             ... on level 3 of the Dungeon.
             The game lasted 00:10:56 (3096 turns).

safid the Digger (Gargoyle Earth Elementalist)      Turns: 3096, Time: 00:10:58

Health: 0/31       AC:  9    Str: 11    XL:     5   Next: 53%
Magic:  4/9        EV: 12    Int: 18    God:
Gold:   126        SH:  0    Dex: 10    Spells: 9/10 levels left

rFire   . . .      SeeInvis .   r - +0 war axe
rCold   . . .      Faith    .   o - orb {guile}
rNeg    + . .      Spirit   .   b - +0 robe
rPois   ∞          Reflect  .   (no helmet)
rElec   +          Harm     .   (no cloak)
rCorr   .          Rampage  .   (no gloves)
Will    .....                   k - +2 pair of boots
Stlth   ++........              (no amulet)
HPRegen 0.10/turn               (no ring)
MPRegen 0.11/turn               (no ring)

@: no status effects
A: sickness immunity, AC +4, negative energy resistance 1, electricity
resistance, torment resistance 1, petrification resistance
a: no special abilities


You were on level 3 of the Dungeon.
You visited 1 branch of the dungeon, and saw 3 of its levels.

You collected 126 gold pieces.

Inventory:

Hand Weapons
 r - a +0 war axe (weapon)
Missiles
 c - 128 stones
 l - 2 poisoned darts
 p - 11 sling bullets
Armour
 b - a +0 robe (worn)
 k - a +2 pair of boots (worn)
 o - an orb of guile (worn)
Jewellery
 f - a ring of ice
 n - a ring of resist corrosion
Wands
 v - a wand of mindburst (14)
Scrolls
 a - a scroll of blinking {unknown}
 e - 3 scrolls of identify {unknown}
 g - 2 scrolls of fear {unknown}
 j - 4 scrolls of summoning {unknown}
 s - a scroll of holy word {unknown}
 t - 2 scrolls of teleportation {unknown}
 x - a scroll of silence {unknown}
Potions
 d - 2 potions of curing {unknown}
 h - 2 potions of degeneration {unknown}
 i - 2 potions of lignification {unknown}
 m - a potion of ambrosia {unknown}
 q - a potion of flight {unknown}
 u - a potion of heal wounds {unknown}
 w - a potion of invisibility {unknown}


   Skills:
 + Level 2.7 Fighting
 - Level 2.0 Dodging
 - Level 2.2 Stealth
 + Level 3.2 Spellcasting
 + Level 0.5 Conjurations
 - Level 1.0 Transmutations
 + Level 4.9 Earth Magic


You had 9 spell levels left.
You knew the following spells:

 Your Spells              Type           Power      Damage    Failure   Level
a - Sandblast             Erth           40%        2d10      2%          1

Your spell library contained the following spells:

 Spells                   Type           Power      Damage    Failure   Level
 Passwall                 Tmut/Erth      10%        N/A       7%          2
 Animate Skeleton         Necr           4%         N/A       16%         1
 Apportation              Tloc           4%         N/A       16%         1
 Freeze                   Ice            8%         1d3       16%         1
 Summon Small Mammal      Summ           8%         N/A       16%         1
 Stone Arrow              Conj/Erth      24%        3d8       16%         3
 Frozen Ramparts          Ice            4%         1d2       43%         3
 Petrify                  Tmut/Erth      13%        N/A       43%         4
 Hailstorm                Conj/Ice       3%         3d3       82%         4


Dungeon Overview and Level Annotations

Branches:
Dungeon (3/15)

Altars:


Innate Abilities, Weirdness & Mutations

You are immune to sickness and miasma.
Your stone body is resilient. (AC +4)
You are immune to poison.
You resist negative energy. (rN+)
You are resistant to electric shocks. (rElec)
You are resistant to unholy torment.
You are immune to petrification.


Message History

The orc priest is moderately wounded.
The orc priest hits you with a +0 mace.
* * * LOW HITPOINT WARNING * * *
The orc closely misses you.
Casting: Sandblast (safe; 2% risk of failure)
Confirm with . or Enter, or press ? or * to list all spells.
Aiming: Sandblast (safe; 2% risk of failure)
Press: ? - help, Shift-Dir - straight line, f/p - orc priest
Aim: an orc priest, wielding a +0 mace and wearing a +0 leather armour (moderately wounded, 81% to hit)
The blast of sand hits the orc priest.
The orc priest is moderately wounded.
The orc priest closely misses you. The orc misses you. The orc misses you.
Casting: Sandblast (safe; 2% risk of failure)
Confirm with . or Enter, or press ? or * to list all spells.
Aiming: Sandblast (safe; 2% risk of failure)
Press: ? - help, Shift-Dir - straight line, f/p - orc priest
Aim: an orc priest, wielding a +0 mace and wearing a +0 leather armour (moderately wounded, 81% to hit)
The blast of sand hits the orc priest.
The orc priest is heavily wounded.
The orc priest hits you with a +0 mace.
* * * LOW HITPOINT WARNING * * *
Casting: Sandblast (safe; 2% risk of failure)
Confirm with . or Enter, or press ? or * to list all spells.
Aiming: Sandblast (safe; 2% risk of failure)
Press: ? - help, Shift-Dir - straight line, f/p - orc priest
Aim: an orc priest, wielding a +0 mace and wearing a +0 leather armour (heavily wounded, 81% to hit)
The blast of sand misses the orc priest.
The orc priest calls upon Beogh to heal the orc.
The orc's wounds heal themselves!
Casting: Sandblast (safe; 2% risk of failure)
Confirm with . or Enter, or press ? or * to list all spells.
Aiming: Sandblast (safe; 2% risk of failure)
Press: ? - help, Shift-Dir - straight line, f/p - orc priest
Aim: an orc priest, wielding a +0 mace and wearing a +0 leather armour (heavily wounded, 81% to hit)
The blast of sand hits the orc priest.
The orc priest is heavily wounded.
The orc priest calls down the wrath of Beogh upon you.
Pain shoots through your body!
You die...

#..........# #..........#
#..........# #..........#
#.#######....######
#.#####............#
#...).#####...>....#
#..####........#
##oo@..........#
#####.........#
##........####
#############.....#
##.....#.....##..#....
#####.............#.[#####
#.........................
####......................
#................#####.


You could see an orc priest and an orc.

Vanquished Creatures
  Natasha (D:3)
  Ijyb (D:3)
  3 adders
  4 dart slugs
  3 orcs
  6 bats
  5 endoplasms
  6 giant cockroaches
  5 goblins
  4 hobgoblins
  6 jackals
  4 kobolds
  6 quokkas
  8 ball pythons
  12 frilled lizards
  8 rats
82 creatures vanquished.

Vanquished Creatures (others)
  23 plants
23 creatures vanquished.

Grand Total: 105 creatures vanquished

Notes
Turn   | Place    | Note
-------+----------+-------------------------------------------
     0 | D:1      | safid the Gargoyle Earth Elementalist began the quest for
                  | the Orb.
     0 | D:1      | Reached XP level 1. HP: 10/10 MP: 3/3
     5 | D:1      | Noticed an elephant
    16 | D:1      | Noticed a death yak
   126 | D:1      | Reached XP level 2. HP: 15/15 MP: 1/5
   128 | D:1      | Reached skill level 1 in Transmutations
   416 | D:1      | Reached skill level 1 in Fighting
   516 | D:1      | Reached XP level 3. HP: 17/20 MP: 6/6
   642 | D:1      | Found a faded altar of an unknown god.
   676 | D:1      | Reached skill level 4 in Earth Magic
  1486 | D:2      | Reached XP level 4. HP: 17/25 MP: 7/7
  2854 | D:3      | Noticed Ijyb
  2867 | D:3      | Killed Ijyb
  2868 | D:3      | Reached XP level 5. HP: 28/31 MP: 0/9
  3001 | D:3      | Noticed Natasha
  3009 | D:3      | Killed Natasha
  3096 | D:3      | Killed from afar by an orc priest

Illustrated notes

Levels and vault maps discovered:
D:1:      sevenhm_arrival_forest_fort_small_2, layout_basic,
          basic_ecumenical_altar, nrook_uturn, chequers_big_river
D:2:      layout_loops_ring, minmay_pentomino_u4
D:3:      layout_rooms, serial_bayou_lagoon_a, minmay_lizard_king, uniq_natasha,
          uniq_ijyb

Skill      XL: |  1  2  3  4 |
---------------+-------------+-----
Transmutations | 1 |  1.0
Dodging        | 2 |  2.0
Fighting       | 1 2 |  2.7
Earth Magic    | 4 |  4.9
Spellcasting   | 3 |  3.2
Stealth        | |  2.2
Conjurations   | |  0.5

Action                   |  1- 3 |  4- 6 || total
-------------------------+-------+-------++-------
Melee: Unarmed           |    52 |       ||    52
       Dagger            |    72 |    56 ||   128
       Punch             |     3 |     1 ||     4
       War axe           |       |    81 ||    81
 Cast: Sandblast         |    23 |    35 ||    58
 Stab: Sleeping          |     4 |     3 ||     7
Armor: Robe              |    36 |    62 ||    98
Dodge: Dodged            |    80 |   145 ||   225
